 Dungeon Crawl Stone Soup version 0.19-b1-3-g7dea586 (webtiles) character file.

111 Ladykiller69 the Shield-Bearer (level 5, -6/42 HPs)
             Began as a Formicid Fighter on Oct 29, 2016.
             Mangled by an ogre
             ... wielding a cursed -3 giant club
              (7 damage)
             ... on level 4 of the Dungeon.
             The game lasted 00:03:50 (1747 turns).

Ladykiller69 the Shield-Bearer (Formicid Fighter)   Turns: 1747, Time: 00:03:50

Health: -6/42      AC:  7    Str: 21    XL:     5   Next: 15%
Magic:  5/5        EV:  8    Int:  8    God:
Gold:   84         SH:  9    Dex: 10    Spells: 0 memorised, 4 levels left

rFire  . . .     SeeInvis +     a - +0 long sword
rCold  . . .     Gourm    .     b - +0 scale mail
rNeg   . . .     Faith    .     c - +0 shield
rPois  .         Spirit   .     (helmet unavailable)
rElec  .         Reflect  .     (no cloak)
rCorr  .         Harm     .     (no gloves)
MR     .....                    (no boots)
Stlth  ..........               (no amulet)
                                (no ring)
                                (no ring)

@: no status effects
A: permanent stasis, dig shafts and tunnels, four strong arms, antennae 3
a: Dig, Shaft Self


You were on level 4 of the Dungeon.
You were not hungry.

You visited 1 branch of the dungeon, and saw 4 of its levels.

You collected 84 gold pieces.

Inventory:

Hand Weapons
 a - a +0 long sword (weapon)
Missiles
 p - 56 stones (quivered)
Armour
 b - a +0 scale mail (worn)
 c - a +0 shield (worn)
Jewellery
 r - a +4 ring of protection {unknown}
Scrolls
 e - 2 scrolls of immolation {unknown}
 g - a scroll of noise {unknown}
 h - a scroll of blinking {unknown}
 n - a scroll of teleportation {unknown}
 o - 3 scrolls of recharging {unknown}
Potions
 d - a potion of might
 j - a potion of haste {unknown}
 k - a potion of mutation {unknown}
 l - a potion of flight {unknown}
 m - a potion of degeneration {unknown}
Comestibles
 f - 3 bread rations
 i - 3 meat rations
 q - 8 chunks of flesh


   Skills:
 - Level 4.0 Fighting
 * Level 3.3 Long Blades
 + Level 3.9 Armour
 + Level 4.4 Shields


You had 4 spell levels left.
You didn't know any spells.

Dungeon Overview and Level Annotations

Branches:
Dungeon (4/15)
 Temple: D:4-7

Altars:
Fedhas
Gozag
Sif Muna
Xom
Zin

Annotations:
D:3 Purgy


Innate Abilities, Weirdness & Mutations

You are under a permanent stasis effect.
You can dig through walls and to a lower floor.
Your four strong arms can wield two-handed weapons with a shield.
You have a pair of large antennae on your head. (SInv)


Message History

The ogre is lightly wounded.
You block the ogre's attack.
You slash the ogre!
The ogre is moderately wounded.
The ogre hits you with a giant club!
You slash the ogre!
The ogre is severely wounded.
You block the ogre's attack.
Your scale mail prevents you from hitting the ogre.
The ogre is severely wounded.
The ogre hits you with a giant club!
* * * LOW HITPOINT WARNING * * *
You hit the ogre but do no damage.
The ogre is severely wounded.
The ogre barely misses you.
You riposte.
You hit the ogre.
The ogre is severely wounded.
You hit the ogre.
The ogre is almost dead.
The ogre hits you with a giant club!
You die...

...#.#.......####..
..............(....
h h##......#
#.....#.# #.###.#.#
#.#<#.#.# #...#.#.#
#####+#.######
#...@O(......
#............
#.........8#8
#......#..#[#
#.........8#8
##.....##....
#.....# ####
#.....#


You could see an ogre.

Vanquished Creatures
  3 adders
  3 worms
  2 dart slugs (D:1)
  An orc (D:3)
  9 goblins
  11 hobgoblins
  8 jackals
  A ball python (D:2)
  11 bats
  5 frilled lizards
  4 kobolds
  12 rats
70 creatures vanquished.

Notes
Turn   | Place    | Note
-------+----------+-------------------------------------------
     0 | D:1      | Ladykiller69 the Formicid Fighter began the quest for the Orb.
     0 | D:1      | Reached XP level 1. HP: 18/18 MP: 1/1
    49 | D:1      | Reached XP level 2. HP: 21/24 MP: 2/2
   418 | D:1      | Reached XP level 3. HP: 29/29 MP: 3/3
   918 | D:2      | Noticed an angel
   921 | D:2      | Found a shimmering altar of Xom.
   921 | D:2      | Found a glowing silver altar of Zin.
   931 | D:2      | Reached XP level 4. HP: 29/37 MP: 4/4
  1139 | D:2      | Found an opulent altar of Gozag.
  1429 | D:2      | Found a blossoming altar of Fedhas.
  1642 | D:3      | Found a deep blue altar of Sif Muna.
  1676 | D:3      | Reached XP level 5. HP: 39/42 MP: 5/5
  1680 | D:3      | Noticed Purgy
  1737 | D:4      | Noticed an ogre
  1745 | D:4      | HP: 1/42 [ogre/giant club (17)]
  1747 | D:4      | Mangled by an ogre

Skill      XL: |  1  2  3  4 |
---------------+-------------+-----
Shields        | 4 |  4.4
Long Blades    | 3 |  3.3
Fighting       | 4 |  4.0
Armour         | |  3.9

Action                   |  1- 3 |  4- 6 || total
-------------------------+-------+-------++-------
Melee: Long sword        |   124 |    92 ||   216
Throw: Stone             |       |     1 ||     1
 Abil: Dig               |     2 |       ||     2
  Eat: Chunk             |       |     3 ||     3
Armor: Scale mail        |    62 |    36 ||    98
Dodge: Dodged            |    39 |    28 ||    67
Block: Shield            |    65 |    41 ||   106
       Rpst.: Long sword |    11 |    10 ||    21
